 Dungeon Crawl Stone Soup version 0.26.1-2-gb8aa6d0cf2 (webtiles) character file.

Game seed: 13801624711028733193

102382 hawla the Thaumaturge (level 15, 0/127 (133) HPs)
             Began as a Yellow Draconian Conjurer on Feb 24, 2021.
             Was a High Priest of Vehumet.
             Killed from afar by an air elemental (4 damage)
             ... with a tornado
             ... on level 1 of the Elven Halls.
             The game lasted 02:03:19 (32405 turns).

hawla the Thaumaturge (Yellow Draconian Conjurer)  Turns: 32405, Time: 02:03:20

HP:   0/127 (133)   AC: 16    Str: 13    XL:     15   Next: 86%
MP:   27/61         EV: 16    Int: 37    God:    Vehumet [*****.]
Gold: 1012          SH:  8    Dex: 14    Spells: 6/43 levels left

rFire    + + .     SeeInvis .   K - +1 mace of Instant Death {venom, rElec Will+ Int+4}
rCold    . . .     Faith    .   O - +3 buckler {rF+}
rNeg     . . .     Spirit   .   (armour unavailable)
rPois    +         Reflect  .   o - +3 hat of Pondering {ponderous, Will+ MP+10 Int+5}
rElec    +         Harm     .   P - scarf {rC+ rF+}
rCorr    +         Rampage  .   Q - +1 pair of gloves
Will     +++..                  b - +1 pair of boots of Gaurch {*Slow rElec rPois Dex+5}
Stlth    ++........             F - amulet of magic regeneration
HPRegen  0.31/turn              c - ring of magical power
MPRegen  0.62/turn              e - ring of Bodily Harmony {Wiz rPois rC- MP+9 Int+4}

@: lethally poisoned (0 -> -31), flying (expiring), lightly drained, slow
A: spit acid, unfitting armour, robust 1, strong 1, acidic bite, cold-blooded,
acid resistance, AC +9
a: Breathe Acid, Renounce Religion


You were on level 1 of the Elven Halls.
You worshipped Vehumet.
Vehumet was extremely pleased with you.
You visited 5 branches of the dungeon, and saw 24 of its levels.
You also visited: Volcano.

You collected 2096 gold pieces.
You spent 1084 gold pieces at shops.

Inventory:

Hand Weapons
 K - the +1 mace of Instant Death (weapon) {venom, rElec Will+ Int+4}
   (You found it on level 8 of the Dungeon)

   It poisons the flesh of those it strikes.
   It affects your intelligence (+4).
   It insulates you from electricity.
   It affects your willpower, your defense against some magical effects.
Missiles
 g - 15 silver boomerangs (quivered)
 n - 7 javelins
Armour
 b - the +1 pair of boots of Gaurch (worn) {*Slow rElec rPois Dex+5}
   (You bought it in a shop on level 10 of the Dungeon)

   It affects your dexterity (+5).
   It insulates you from electricity.
   It protects you from poison.
   It may slow you when you take damage.
 o - the +3 hat of Pondering (worn) {ponderous, Will+ MP+10 Int+5}
   (You found it on level 4 of the Dungeon)

   It affects your intelligence (+5).
   It affects your willpower, your defense against some magical effects.
   It affects your magic capacity (+10).
 O - a +3 buckler of fire resistance (worn)
 P - a scarf of resistance (worn)
 Q - a +1 pair of gloves (worn)
Magical Staves
 t - an uncursed staff of earth
Jewellery
 c - a ring of magical power (left hand)
 e - the ring of Bodily Harmony (right hand) {Wiz rPois rC- MP+9 Int+4}
   (You found it on level 6 of the Lair of Beasts)

   [ring of wizardry]

   It improves your spell success rate.
   It affects your intelligence (+4).
   It makes you vulnerable to cold.
   It protects you from poison.
   It affects your magic capacity (+9).
 f - an uncursed ring of flight
 m - an uncursed ring of ice
 u - an uncursed ring of willpower
 z - an uncursed ring of fire
 F - an amulet of magic regeneration (around neck)
 L - an uncursed ring of positive energy
Wands
 l - a wand of acid (10)
 J - a wand of flame (50)
Scrolls
 h - 2 scrolls of blinking
 p - 2 scrolls of teleportation
 x - a scroll of fear
 y - 3 scrolls of remove curse
Potions
 a - 8 potions of curing
 d - a potion of haste
 j - a potion of brilliance
 q - a potion of invisibility
 G - 2 potions of ambrosia
Miscellaneous
 k - a tin of tremorstones (2/2)
 s - a phantom mirror
 W - a lightning rod (4/4)
 Y - a condenser vane


   Skills:
 - Level 8.0 Fighting
 - Level 3.0 Short Blades
 + Level 11.9 Maces & Flails
 - Level 1.0 Throwing
 - Level 7.0 Dodging
 - Level 3.0 Stealth
 - Level 4.0 Shields
 + Level 14.5 Spellcasting
 - Level 12.0 Conjurations
 - Level 1.0 Necromancy
 - Level 6.0 Translocations
 - Level 4.0 Fire Magic
 - Level 11.0 Earth Magic
 - Level 1.0 Evocations


You had 6 spell levels left.
You knew the following spells:

 Your Spells              Type           Power        Failure   Level
a - Magic Dart            Conj           100%         0%          1
b - Searing Ray           Conj           100%         0%          2
c - Iskenderun's Mystic   Conj/Tloc      76%          1%          4
e - Lee's Rapid Deconstr  Erth           41%          1%          5
f - Sticky Flame          Conj/Fire      72%          1%          4
g - Iron Shot             Conj/Erth      42%          1%          6
h - Bolt of Magma         Conj/Fire/Erth 38%          1%          5
i - Fireball              Conj/Fire      36%          1%          5
j - Agony                 Necr           34%          11%         5

Your spell library contained the following spells:

 Spells                   Type           Power        Failure   Level
 Conjure Ball Lightning   Conj/Air       31%          2%          6
 Animate Skeleton         Necr           68%          1%          1
 Beastly Appendage        Tmut           52%          1%          1
 Foxfire                  Conj/Fire      100%         1%          1
 Pain                     Necr           100%         1%          1
 Summon Small Mammal      Summ           100%         1%          1
 Call Imp                 Summ           26%          1%          2
 Poisonous Vapours        Pois/Air       52%          1%          2
 Wereblood                Tmut           26%          1%          2
 Call Canine Familiar     Summ           26%          1%          3
 Conjure Flame            Conj/Fire      72%          1%          3
 Dazzling Flash           Conj/Hex       100%         1%          3
 Lesser Beckoning         Tloc           31%          1%          3
 Mephitic Cloud           Conj/Pois/Air  54%          1%          3
 Spider Form              Tmut/Pois      13%          1%          3
 Summon Guardian Golem    Hex/Summ       26%          1%          3
 Vampiric Draining        Necr           17%          1%          3
 Fulminant Prism          Conj/Hex       31%          1%          4
 Passage of Golubria      Tloc           N/A          1%          4
 Iskenderun's Battlesphe  Conj           86%          1%          5
 Animate Dead             Necr           17%          3%          4
 Freezing Cloud           Conj/Ice/Air   27%          4%          6
 Ice Form                 Ice/Tmut       26%          6%          4
 Summon Ice Beast         Ice/Summ       26%          6%          4
 Summon Lightning Spire   Summ/Air       26%          6%          4
 Blade Hands              Tmut           13%          16%         5
 Summon Demon             Summ           13%          16%         5
 Orb of Destruction       Conj           43%          1%          7


Dungeon Overview and Level Annotations

Branches:
Dungeon (14/15)            Temple (1/1) D:6            Lair (6/6) D:10
 Shoals (0/4) Lair:4       Spider (0/4) Lair:3        Slime (0/5) Lair:5
    Orc (2/2) D:9             Elf (1/3) Orc:2        Vaults (0/5) D:14
Volcano (visited)

Altars:
Ashenzari
Cheibriados
Dithmenos
Elyvilon
Fedhas
Gozag
Hepliaklqana
Kikubaaqudgha
Makhleb
Nemelex Xobeh
Okawaru
Qazlal
Ru
Sif Muna
Trog
Uskayaw
Vehumet
Wu Jian
Xom
Yredelemnul
Zin
The Shining One
Beogh

Shops:
D:9 ?*[[**   D:10 [   Orc:1 (   Orc:2 *??[

Portals:
Abyss: D:4
Trove: D:12 (give 5 potions of resistance)

Annotations:
D:4 2 transporters, skwiii's ghost, amateur DEIE


Innate Abilities, Weirdness & Mutations

You can spit globs of acid.
Your golden yellow scales are hard. (AC +9)
You cannot fit into any form of body armour.
You have acidic saliva.
You are cold-blooded and may be slowed by cold attacks.
You are resistant to acid. (rCorr)
You are robust. (+10% HP)
Your muscles are strong. (Str +2)


Message History

The orc high priest closely misses you.
You hear a shout!
You feel much better.
The tarantella hisses angrily.
You hear a howl!
The orc dies!
* * * LOW HITPOINT WARNING * * *
The redback bites you!
* * * LOW HITPOINT WARNING * * *
The redback bites you!
* * * LOW HITPOINT WARNING * * *
You are lethally poisoned!
The redback poisons you! The hell rat barely misses you.
The redback misses you.
The orange demon stings you but does no damage.
You block the orange demon's attack.
A deep elf mage comes into view. It is wielding a +0 rapier.
You are engulfed in raging winds.
* * * LOW HITPOINT WARNING * * *
You feel very sick.
You die...

#.....o.es
#.(..sreee
#.e#####). .
#.e# §.
##'s### e§.
##....§###eE.
##....o§§oEe..
##..)..s§§##..
##.......@r#
#........s4#
#......)...#
#...>.)....+
#.........##
#........##
#.......##
####++###


You could see a demonic crawler (summoned), an orc high priest, an orange demon
(summoned), a deep elf archer (repels missiles), 3 deep elf magi, a fire
elemental, an air elemental, an orc warrior, 2 redbacks and a hell rat
(summoned).

Vanquished Creatures
  Gastronok (D:11)
  2 orc warlords
  A stone giant (Volcano)
  3 dire elephants (Lair:6)
  Snorg (D:11)
  Fannar (Orc:1)
  5 vault guards (D:14)
  A boulder beetle (D:11)
  8 hydras
  A catoblepas (Lair:6)
  An anaconda (Lair:6)
  3 centaur warriors
  A dancing weapon (Elf:1)
  6 two-headed ogres
  A tengu warrior (D:14)
  14 death yaks
  5 orc high priests
  5 skeletal warriors (D:14)
  An unseen horror (D:13)
  4 orc knights
  A lindwurm (Lair:6)
  8 deep elf magi
  An ugly thing (D:12)
  2 cyclopes
  6 orc sorcerers
  4 oklob plants (Lair:3)
  A black mamba (Lair:5)
  4 elephants (Lair:6)
  9 cane toads
  3 torpor snails
  5 gargoyles
  2 rime drakes
  8 komodo dragons
  An efreet (Volcano)
  A tengu conjurer (D:14)
  7 trolls
  3 meliai (D:13)
  Prince Ribbit (D:6)
  8 blink frogs
  14 dream sheep
  6 wyverns
  2 wraiths
  A redback (Lair:3)
  55 yaks
  A vampire (D:12)
  Grum (D:11)
  A shadow (D:12)
  4 basilisks
  5 humans (D:14)
  4 fire elementals
  3 vampire mosquitoes (D:14)
  5 wargs
  Duvessa (D:7)
  12 water moccasins
  5 black bears
  5 necrophages (D:12)
  56 orc warriors
  3 ice beasts
  2 sky beasts
  14 ogres
  2 eyes of draining
  3 boggarts (D:14)
  5 phantoms
  19 wolves
  12 centaurs
  A big kobold (D:13)
  Blork the orc (D:4)
  2 gnoll sergeants
  20 bullfrogs
  Dowan (D:7)
  An earth elemental (Volcano)
  2 wyvern skeletons
  9 scorpions
  13 killer bees
  37 wights
  7 centaur zombies
  7 jellies
  3 quasits
  2 bullfrog zombies
  6 hounds
  A bullfrog skeleton (D:4)
  A centaur skeleton (D:10)
  37 orc priests
  28 orc wizards
  Jessica (D:2)
  Terence (D:1)
  2 hell rats (Lair:1)
  Natasha (thrice) (D:2)
  6 iguanas
  11 worker ants
  A hound zombie (D:11)
  A mummy (D:12)
  Robin (D:2)
  13 gnolls
  8 adders
  10 river rats (Lair:1)
  2 shadow imps
  4 white imps
  2 ufetubi
  7 oozes
  4 adder skeletons
  An adder zombie (D:8)
  A worm (D:2)
  A dart slug (D:1)
  5 leopard geckos
  139 orcs
  6 giant cockroaches
  17 goblins
  10 hobgoblins
  17 jackals
  3 quokkas
  A ball python (D:8)
  4 bats
  10 frilled lizards
  10 kobolds
  10 rats
872 creatures vanquished.

Vanquished Creatures (others)
  An unseen horror (D:13)
  4 yaks (Lair:5)
  2 humans (D:14)
  An orc (Elf:1)
  17 foxfires (D:11)
  42 fungi
  61 plants
  9 withered plants (D:12)
137 creatures vanquished.

Grand Total: 1009 creatures vanquished

Notes
Turn   | Place    | Note
-------+----------+-------------------------------------------
     0 | D:1      | hawla the Draconian Conjurer began the quest for the Orb.
     0 | D:1      | Reached XP level 1. HP: 14/14 MP: 3/3
   400 | D:1      | Reached XP level 2. HP: 22/22 MP: 1/5
   403 | D:1      | Learned a level 2 spell: Searing Ray
   842 | D:1      | Reached skill level 1 in Fighting
   882 | D:1      | Reached skill level 1 in Translocations
   939 | D:1      | Reached XP level 3. HP: 28/28 MP: 2/6
  1354 | D:2      | Noticed Terence
  1359 | D:2      | Noticed Natasha
  1384 | D:1      | Killed Terence
  1385 | D:1      | Reached XP level 4. HP: 31/35 MP: 0/7
  1390 | D:1      | Learned a level 4 spell: Iskenderun's Mystic Blast
  1458 | D:2      | Killed Natasha
  1611 | D:2      | Found a glowing silver altar of Zin.
  1749 | D:2      | Noticed Jessica
  1765 | D:2      | Killed Jessica
  1766 | D:2      | Reached skill level 3 in Spellcasting
  1939 | D:2      | Noticed Robin
  1944 | D:2      | Reached XP level 5. HP: 24/40 MP: 2/9
  2271 | D:2      | Killed Robin
  2350 | D:2      | Noticed Natasha
  2357 | D:2      | Killed Natasha
  2358 | D:2      | Reached skill level 5 in Conjurations
  2544 | D:2      | Noticed Natasha
  2548 | D:2      | Killed Natasha
  3017 | D:3      | Found a basalt altar of Yredelemnul.
  3139 | D:3      | You fall into a shaft and drop 3 floors!
  3147 | D:5      | Entered Level 5 of the Dungeon
  3343 | D:5      | Reached XP level 6. HP: 43/47 MP: 10/11
  3559 | D:4      | Noticed Blork the orc
  3875 | D:4      | Reached skill level 4 in Spellcasting
  3877 | D:4      | Killed Blork the orc
  4198 | D:3      | Found a faded altar of an unknown god.
  4385 | D:3      | Your scales start taking on a golden yellow colour.
  4385 | D:3      | Reached XP level 7. HP: 50/52 MP: 12/13
  4385 | D:3      | Gained mutation: You are resistant to acid. (rCorr) [Yellow
                  | Draconian growth]
  5158 | D:4      | Found a transporter.
  5229 | D:4      | Found a transporter.
  5244 | D:4      | Found a one-way gate to the infinite horrors of the Abyss.
  5244 | D:4      | Noticed skwiii's ghost (amateur DEIE)
  5270 | D:4      | Found the +3 hat of Pondering {ponderous, Will+ MP+10
                  | Int+5}
  5281 | D:4      | Reached skill level 5 in Spellcasting
  5411 | D:4      | Reached skill level 1 in Shields
  5521 | D:4      | Reached XP level 8. HP: 59/59 MP: 15/15
  5578 | D:4      | Got a warped dagger
  5579 | D:4      | Identified the +7 dagger of Regicide {vorpal, *Noise +Rage
                  | Dex+3} (You found it on level 4 of the Dungeon)
  5960 | D:5      | Reached skill level 1 in Earth Magic
  5960 | D:5      | Reached skill level 1 in Evocations
  6235 | D:5      | Found a sparkling altar of Nemelex Xobeh.
  6782 | D:6      | Identified the +1 leather armour of Cheibriados's Grace
                  | {rF+ rC- Will++}
  6796 | D:6      | Reached skill level 6 in Spellcasting
  6992 | D:6      | Noticed Prince Ribbit
  6996 | D:6      | Killed Prince Ribbit
  6997 | D:6      | Reached XP level 9. HP: 67/67 MP: 18/18
  7223 | D:6      | Found a staircase to the Ecumenical Temple.
  7400 | D:7      | Reached skill level 7 in Spellcasting
  7667 | D:7      | Found an iron altar of Okawaru.
  7949 | D:7      | Found a blossoming altar of Fedhas.
  8058 | D:7      | Noticed Duvessa
  8059 | D:7      | Noticed Dowan
  8075 | D:7      | Killed Duvessa
  8076 | D:7      | Reached skill level 8 in Spellcasting
  8076 | D:7      | Killed Dowan
  8359 | D:8      | Reached skill level 1 in Throwing
  8498 | D:8      | Found an iron altar of Okawaru.
  9486 | D:8      | Got a masterwork mace
  9487 | D:8      | Identified the +1 mace of Instant Death {venom, rElec Will+
                  | Int+4} (You found it on level 8 of the Dungeon)
  9570 | Temple   | Entered the Ecumenical Temple
  9633 | Temple   | Became a worshipper of Vehumet
  9969 | D:9      | Found Ajaupput's Magic Scroll Boutique.
  9977 | D:9      | Bought 2 scrolls of teleportation for 78 gold pieces
  9977 | D:9      | Bought a scroll of remove curse for 39 gold pieces
  9977 | D:9      | Bought a scroll of fog for 26 gold pieces
  9977 | D:9      | Bought a scroll of identify for 26 gold pieces
 10050 | D:9      | Reached skill level 1 in Maces & Flails
 10050 | D:9      | Reached XP level 10. HP: 78/78 MP: 22/22
 10169 | D:9      | Found a staircase to the Orcish Mines.
 10170 | D:9      | Found Veastroe's Armour Emporium.
 10231 | D:9      | Found Wyel's Assorted Antiques.
 10266 | D:9      | Found Gilum's Assorted Antiques.
 10324 | D:9      | Found Etavyr's General Store.
 10356 | D:9      | Found Huahi's Armour Emporium.
 10668 | D:9      | Found a hazy altar of Hepliaklqana.
 10668 | D:9      | Found a shimmering blue altar of Sif Muna.
 10676 | D:9      | Found a sacrificial altar of Ru.
 10736 | D:9      | Found a broken altar of Ashenzari.
 10738 | D:9      | Found a hide-covered altar of Uskayaw.
 10778 | D:10     | Entered Level 10 of the Dungeon
 10789 | D:10     | Reached * piety under Vehumet
 10789 | D:10     | Offered knowledge of Shock by Vehumet.
 11101 | D:10     | Found Kimedes's Antique Armour Shoppe.
 11172 | D:10     | Reached skill level 5 in Earth Magic
 11504 | D:10     | Reached skill level 5 in Fighting
 11507 | D:10     | Reached skill level 5 in Dodging
 11507 | D:10     | Reached skill level 9 in Spellcasting
 11735 | D:10     | Found a staircase to the Lair.
 11850 | D:9      | Bought a levitating book for 435 gold pieces
 12007 | D:11     | Noticed a boulder beetle
 12010 | D:11     | Noticed Gastronok
 12016 | D:11     | Noticed Grum
 12029 | D:11     | Reached ** piety under Vehumet
 12029 | D:11     | Offered knowledge of Foxfire by Vehumet.
 12137 | D:11     | Learned a level 1 spell: Foxfire
 12141 | D:11     | Learned a level 3 spell: Conjure Flame
 12197 | D:11     | Killed a boulder beetle
 12198 | D:11     | Reached skill level 1 in Fire Magic
 12522 | D:11     | Noticed Snorg
 12541 | D:11     | HP: 5/121 [Snorg (13)]
 12542 | D:11     | Killed Snorg
 12543 | D:11     | Reached XP level 11. HP: 6/86 MP: 2/24
 12613 | D:11     | Reached skill level 10 in Spellcasting
 12643 | D:11     | Killed Grum
 12774 | D:11     | Noticed a two-headed ogre
 12784 | D:11     | Killed a two-headed ogre
 13176 | D:11     | Killed Gastronok
 13177 | D:11     | Reached skill level 11 in Spellcasting
 13327 | D:11     | Noticed a two-headed ogre
 13335 | D:11     | Killed a two-headed ogre
 13437 | D:11     | Identified a scroll of acquirement
 13437 | D:11     | Acquired the Almanac of Dislocation and Attacks
 13444 | D:11     | Learned a level 4 spell: Sticky Flame
 13567 | D:12     | Offered knowledge of Inner Flame by Vehumet.
 13639 | D:12     | Reached *** piety under Vehumet
 14065 | D:12     | Offered knowledge of Ignite Poison by Vehumet.
 14279 | D:12     | Noticed a purple ugly thing
 14289 | D:12     | Killed a purple ugly thing
 14290 | D:12     | Reached XP level 12. HP: 92/97 MP: 24/27
 14518 | D:12     | Found a portal to a secret trove of treasure.
 14600 | D:12     | Reached skill level 5 in Maces & Flails
 14608 | D:12     | Reached **** piety under Vehumet
 15111 | D:13     | Offered knowledge of Fireball by Vehumet.
 15247 | D:13     | Learned a level 6 spell: Iron Shot
 15253 | D:13     | Learned a level 5 spell: Bolt of Magma
 15259 | D:13     | Learned a level 5 spell: Fireball
 15604 | D:13     | You fall into a shaft and drop 1 floor!
 15604 | D:14     | Noticed a centaur warrior
 15607 | D:14     | Killed a centaur warrior
 15607 | D:14     | Reached ***** piety under Vehumet
 15841 | D:13     | Offered knowledge of Lee's Rapid Deconstruction by Vehumet.
 16036 | D:12     | Learned a level 5 spell: Lee's Rapid Deconstruction
 16040 | D:13     | Reached skill level 12 in Spellcasting
 16389 | D:13     | Noticed a centaur warrior
 16392 | D:13     | Killed a centaur warrior
 17084 | D:9      | Bought a +0 buckler of fire resistance for 161 gold pieces
 17479 | D:14     | Noticed a two-headed ogre
 17485 | D:14     | Killed a two-headed ogre
 17487 | D:14     | Reached XP level 13. HP: 107/107 MP: 22/29
 17804 | D:14     | Reached skill level 5 in Translocations
 18261 | D:14     | Reached skill level 10 in Earth Magic
 18823 | D:14     | Found a gate to the Vaults.
 18859 | D:14     | Identified the +4 tower shield of the Gardener {Regen+
                  | Stlth+} (You found it on level 14 of the Dungeon)
 19102 | Temple   | Gained mutation: Your muscles are strong. (Str +2) [potion
                  | of mutation]
 19102 | Temple   | Gained mutation: You are robust. (+10% HP) [potion of
                  | mutation]
 19260 | Orc:1    | Entered Level 1 of the Orcish Mines
 19322 | Orc:1    | Found Aplooq's Antique Weapon Boutique.
 19465 | Orc:1    | Noticed an orc warlord
 19468 | Orc:1    | Offered knowledge of Olgreb's Toxic Radiance by Vehumet.
 19479 | Orc:1    | Killed an orc warlord
 19759 | Orc:2    | Entered Level 2 of the Orcish Mines
 19836 | D:10     | Bought a pair of jewelled boots for 237 gold pieces
 19846 | D:10     | Identified the +1 pair of boots of Gaurch {*Slow rElec
                  | rPois Dex+5} (You bought it in a shop on level 10 of the
                  | Dungeon)
 20155 | Orc:2    | Offered knowledge of Starburst by Vehumet.
 20260 | Orc:2    | Noticed an orc warlord
 20282 | Orc:2    | Killed an orc warlord
 20283 | Orc:2    | Reached skill level 13 in Spellcasting
 20620 | Orc:2    | Found a roughly hewn altar of Beogh.
 20714 | Orc:2    | Gained mutation: You have acidic saliva. [Yellow Draconian
                  | growth]
 20714 | Orc:2    | Reached XP level 14. HP: 122/126 MP: 31/31
 20929 | Orc:2    | Reached skill level 10 in Conjurations
 21114 | Orc:2    | Found a staircase to the Elven Halls.
 21378 | Orc:1    | Noticed Fannar
 21391 | Orc:1    | Killed Fannar
 21450 | Orc:1    | You fall into a shaft and drop 1 floor!
 21607 | Orc:2    | Offered knowledge of Eringya's Noxious Bog by Vehumet.
 21615 | Orc:2    | Learned a level 5 spell: Agony
 21641 | Orc:2    | Found a roughly hewn altar of Beogh.
 21814 | Orc:2    | Found Koiladgh's Assorted Antiques.
 21865 | Orc:2    | Found Gyjaum's Magic Scroll Shoppe.
 21881 | Orc:2    | Reached skill level 1 in Necromancy
 22072 | Orc:2    | Bought a scroll of holy word for 82 gold pieces
 22210 | Orc:2    | Found Ceesekowk's Armour Boutique.
 22515 | Orc:2    | Found Naadaono's Magic Scroll Shop.
 23733 | Lair:1   | Entered Level 1 of the Lair of Beasts
 26018 | Lair:3   | Offered knowledge of Yara's Violent Unravelling by Vehumet.
 26202 | Lair:3   | Found the +12 Vampire's Tooth {vamp}
 26210 | Lair:3   | Reached skill level 10 in Maces & Flails
 26527 | Lair:3   | Got a masterwork mace
 26528 | Lair:3   | Identified the cursed +3 mace of Ecobloca {vorpal, Str+6}
                  | (You found it on level 3 of the Lair of Beasts)
 26715 | Lair:3   | Found a hole to the Spider Nest.
 27237 | Lair:4   | Reached XP level 15. HP: 133/133 MP: 32/32
 27595 | Lair:4   | Found a staircase to the Shoals.
 28189 | Lair:5   | Found a staircase to the Slime Pits.
 28400 | Lair:5   | Reached skill level 1 in Short Blades
 29366 | Lair:6   | Entered Level 6 of the Lair of Beasts
 29370 | Lair:6   | Reached ****** piety under Vehumet
 29441 | Lair:6   | Offered knowledge of Conjure Ball Lightning by Vehumet.
 29457 | Lair:6   | Reached skill level 14 in Spellcasting
 29478 | Lair:6   | Found a dark tunnel.
 29508 | Volcano  | Entered a volcano
 30833 | Lair:6   | Got a heavily runed bone ring
 31788 | Lair:6   | Found the +5 demon whip "Spellbinder" {antimagic, Will+}
 31801 | Lair:6   | Identified the ring of Bodily Harmony {Wiz rPois rC- MP+9
                  | Int+4} (You found it on level 6 of the Lair of Beasts)
 32238 | Elf:1    | Entered Level 1 of the Elven Halls
 32405 | Elf:1    | HP: 4/127 [poisoned by a redback]
 32405 | Elf:1    | Killed from afar by an air elemental

Illustrated notes

Levels and vault maps discovered:
D:1:      saegor_arrival_simple_e, layout_basic, serial_park_tiny_1
D:2:      layout_loops_ring, nicolae_overflow_crystal_walls, uniq_robin,
          uniq_jessica, uniq_terence, uniq_natasha
D:3:      layout_basic, general_overflow_altar, chequers_ecumenical_altar_simple
D:4:      layout_loops_ring, gammafunk_ghost_abyssal_escape, serial_glass,
          glass_columns_a, glass_columns_a, uniq_blork_the_orc
D:5:      layout_loops_corners, kennysheep_mini, serial_rivers,
          chequers_serial_rivers_micro_d, chequers_serial_rivers_micro_b,
          chequers_serial_rivers_small_a, chequers_serial_rivers_micro_a,
          kennysheep_windowed_goal
D:6:      minmay_evil_eye, layout_rooms, temple_statues, nrook_campfire,
          uniq_prince_ribbit1
D:7:      layout_basic, lemuel_coloured_pillars_altar, basic_altar, uniq_duvessa
D:8:      layout_cave_pods, basic_altar
D:9:      layout_gridville, chequers_temple_overflow_minitemple, orc_david_3,
          serial_shops, nicolae_shop_competitors_out_of_business, shop_statue,
          kennysheep_little_box, shop, shop
D:10:     layout_irregular_city, grunt_lair_entry_orc_guard_hut, serial_shops,
          shop, corexii_checkpoint_a
D:11:     layout_loops_ring, uniq_gastronok, uniq_snorg, uniq_grum
D:12:     layout_loops_ring, enter_trove_0, serial_undead, serial_undead_b,
          serial_undead_f, serial_undead_a, serial_undead_d, serial_undead_b,
          serial_undead_f, serial_undead_d, serial_undead_c
D:13:     layout_stronghold
D:14:     layout_roguey, ximxim_vaults_locker_room, serial_bayou_pond_d
Temple:   cyrus_circular_temple
Lair:1:   layout_cave_pods, kennysheep_rathole
Lair:2:   layout_loops_ring, serial_bayou_shore_b
Lair:3:   layout_cave_pods, spider_nest_entry_a, minmay_lair_oklob_chamber
Lair:4:   layout_roguey, minmay_shoals_entry_centaurs, beast_lair_carwin_2,
          lemuel_fruit_fields
Lair:5:   layout_layer_cave, nicolae_slime_entry_slimehenge,
          infiniplex_staircase_pool_2
Lair:6:   due_jungle_book, layout_gridlike, nicolae_volcano_entry_vermiform,
          nicolae_lair_yak_garden
Orc:1:    layout_diamond_mine, serial_shops, shop, nicolae_orc_crystal_geode,
          uniq_fannar
Orc:2:    pubby_orc_utopia
Elf:1:    layout_gridlike, gammafunk_ghost_berserking_beasts,
          hangedman_elf_represent, nicolae_elf_glass_and_crystal_pillar_2,
          elves_outpost_lemuel

Skill      XL: |  1  2  3  4  5  6  7  8  9 10 11 12 13 14 15 |
---------------+----------------------------------------------+-----
Stealth        | 2 3 |  3.0
Dodging        | 2 3 4 6 7 |  7.0
Fighting       | 1 2 4 5 6 8 |  8.0
Translocations | 1 2 3 4 5 6 |  6.0
Spellcasting   | 3 4 5 6 8 9 11 12 13 14 | 14.5
Conjurations   | 5 6 7 9 11 12 | 12.0
Shields        | 3 4 |  4.0
Earth Magic    | 3 4 6 7 9 10 11 | 11.0
Evocations     | 1 |  1.0
Throwing       | 1 |  1.0
Maces & Flails | 1 3 4 6 9 10 11 | 11.9
Fire Magic     | 1 2 3 4 |  4.0
Necromancy     | 1 |  1.0
Short Blades   | 3 |  3.0

Action                   |  1- 3 |  4- 6 |  7- 9 | 10-12 | 13-15 || total
-------------------------+-------+-------+-------+-------+-------++-------
Melee: Unarmed           |    35 |       |       |       |       ||    35
       Tailslap          |     2 |     3 |     5 |    10 |    33 ||    53
       Whip              |       |    64 |     3 |       |       ||    67
       Dagger            |       |       |    24 |       |       ||    24
       Mace              |       |       |    10 |    82 |   271 ||   363
       Bite              |       |       |       |       |    25 ||    25
       Staff             |       |       |       |       |     2 ||     2
 Cast: Magic Dart        |    31 |    16 |    36 |    26 |    26 ||   135
       Searing Ray       |    13 |    30 |    73 |   100 |   105 ||   321
       Iskenderun's Myst |       |    14 |    35 |   145 |   285 ||   479
       Foxfire           |       |       |       |    10 |       ||    10
       Sticky Flame      |       |       |       |    10 |     1 ||    11
       Conjure Flame     |       |       |       |     4 |       ||     4
       Lee's Rapid Decon |       |       |       |     9 |    56 ||    65
       Fireball          |       |       |       |     6 |    25 ||    31
       Iron Shot         |       |       |       |     5 |    42 ||    47
       Bolt of Magma     |       |       |       |     3 |    12 ||    15
       Agony             |       |       |       |       |    13 ||    13
 Abil: Breathe Acid      |       |       |       |     1 |       ||     1
       Stop Flying       |       |       |       |       |     1 ||     1
       Evoke Flight      |       |       |       |       |     1 ||     1
Evoke: Wand              |       |       |       |       |     8 ||     8
  Use: Scroll            |     3 |     3 |    10 |    14 |    19 ||    49
       Potion            |       |     3 |       |     4 |    14 ||    21
 Stab: Sleeping          |       |       |     1 |     2 |     2 ||     5
Armor: Skin              |    19 |    73 |    24 |    69 |   102 ||   287
Dodge: Dodged            |    50 |    73 |    67 |   141 |   219 ||   550
Block: Buckler           |       |       |    19 |    98 |   244 ||   361
       Reflection        |       |       |       |     5 |    18 ||    23
